AoeStats
← Gurken Freund Gert Gumpisch

Northern Isles

510348587Analyzed
1v1 RM · 13h ago on Sep 30, 2026· 31m 45s· 2 players
Game mode
Random Map
Map size
Tiny (2 player)
Population
200
Speed
Normal
Resources
Standard
Victory
Conquest
Starting age
Dark Age
Ending age
Imperial Age
RankedLock teamsTeams togetherTeam positionsShared explorationLock speedFull tech treeHidden civsTurbo modeCheats
Victory
Defeat
964
+17
🇨🇿 Italians · Czechia
980
-17
Gurken Freund Gert Gumpisch
10:55 Feudal Age
9:12 Loom
16:24 Castle Age
15:41 Double-Bit Axe
17:20 Fletching
17:14 Horse Collar
18:52 Stone Mining
19:15 Bow Saw
19:45 Medium Warships
24:56 Ballistics
27:17 Fishing Lines
29:00 Gillnets
29:20 Gold Mining
30:46 Bodkin Arrow
32:02 Stone Shaft Mining
31:42 Scale Barding Armor
atom.vac
9:47 Feudal Age
10:21 Double-Bit Axe
12:37 Horse Collar
16:38 Wheelbarrow
21:16 Castle Age
19:11 Fletching
19:41 Gold Mining
21:11 Padded Archer Armor
22:41 Medium Warships
25:17 Crossbowman
31:00 Leather Archer Armor
31:26 Bow Saw
Connection lost

Rejoining the realm…

Still unreachable

The connection could not be restored.

Session expired

The server has moved on; the page needs a fresh start.